 Dungeon Crawl Stone Soup version 0.31-a0-876-gfe8ebadbca (webtiles) character file.

Game seed: 13026644268706339646

25 Getoffmy the Stinger (level 3, 21/21 HPs)
             Began as an Octopode Venom Mage on Oct 13, 2023.
             Was a High Priest of Ignis.
             Got out of the dungeon alive.
             The game lasted 00:04:32 (888 turns).

Getoffmy the Stinger (Octopode Venom Mage)           Turns: 888, Time: 00:04:33

Health: 21/21      AC:  1    Str:  7    XL:     3   Next: 4%
Magic:  6/6        EV: 13    Int: 19    God:    Ignis [*****.]
Gold:   43         SH:  0    Dex: 12    Spells: 3/6 levels left

rFire   + . .        d - +0 dagger
rCold   . . .        (no shield)
rNeg    . . .        (helmet restricted)
rPois   .            (no amulet)
rElec   .            (no ring)
rCorr   .            (no ring)
SInv    .            (no ring)
Will    .....        (no ring)
Stlth   +++          (no ring)
HPRegen 0.23/turn    (no ring)
MPRegen 0.10/turn    (no ring)
                     (no ring)

%: no passive effects
@: no status effects
A: almost no armour, amphibious, 8 rings, camouflage 1, gelatinous body 1,
(nimble swimmer 1), tentacles
a: Renounce Religion, Fiery Armour, Foxfire Swarm, Rising Flame


You escaped.
You worshipped Ignis.
Ignis was extremely pleased with you.
You visited 1 branch of the dungeon, and saw 1 of its levels.

You collected 43 gold pieces.

Inventory:

Hand Weapons
 d - a +0 dagger (weapon)
Missiles
 e - 14 stones
Magical Staves
 g - a staff of earth
Scrolls
 b - a scroll of revelation {unknown}
 c - a scroll of identify {unknown}
Potions
 a - a potion of magic
 f - a potion of lignification {unknown}


   Skills:
 - Level 2.0 Dodging
 + Level 3.3 Stealth
 + Level 2.3 Spellcasting
 - Level 1.0 Transmutations
 * Level 4.4 Poison Magic


You had 3 spell levels left.
You knew the following spells:

 Your Spells              Type           Power      Damage    Failure   Level
a - Sting                 Tmut/Pois      48%        1d5       5%          1
b - Poisonous Vapours     Pois/Air       20%        N/A       10%         2

Your spell library contained the following spells:

 Spells                   Type           Power      Damage    Failure   Level
 Mephitic Cloud           Conj/Pois/Air  7%         N/A       26%         3
 Olgreb's Toxic Radiance  Pois           18%        N/A       26%         4


Dungeon Overview and Level Annotations

Branches:
Dungeon (1/15)

Altars:
Ignis


Innate Abilities, Weirdness & Mutations

You cannot wear most types of armour.
You are amphibious.
You can wear up to eight rings at the same time.
Your skin changes colour to match your surroundings (Stealth+).
Your rubbery body absorbs attacks. (AC +1, EV +1)
((You are camouflaged when in or above water. (Stealth+)))
You have tentacles for arms and can constrict up to eight enemies at once.


Message History

Found 4 gold pieces.
The eye of devastation turns its gaze towards you.
Casting: Poisonous Vapours (safe; 12% risk of failure)
Confirm with . or Enter, or press ? or * to list all spells.
Aiming: Sting (safe; 6% risk of failure)
Press: ? - help, Shift-Dir - straight line, f - ball python
Aim: a ball python (asleep, 100% to hit)
The sting hits the ball python.
The ball python is poisoned.
You kill the ball python!
The bat hits you but does no damage.
You have reached level 3!
Your experience leads to an increase in your attributes!
Increase (S)trength, (I)ntelligence, or (D)exterity?
You feel clever. x2
Casting: Sting (safe; 5% risk of failure)
Confirm with . or Enter, or press ? or * to list all spells.
Aiming: Sting (safe; 5% risk of failure)
Press: ? - help, Shift-Dir - straight line, f - bat
Aim: a bat (57% to hit)
The sting misses the bat.
The bat hits you.
Casting: Sting (safe; 5% risk of failure)
Confirm with . or Enter, or press ? or * to list all spells.
Aiming: Sting (safe; 5% risk of failure)
Press: ? - help, Shift-Dir - straight line, f/p - bat
Aim: a bat (57% to hit)
The sting hits the bat.
The bat is poisoned.
The bat is moderately wounded.
The bat hits you but does no damage. The bat barely misses you.
You hit the bat.
You kill the bat!
e - 14 stones (gained 8)
There is a faded altar of an unknown god here.
This altar belongs to (a) Zin, (b) Ignis or (c) Vehumet, but you can't tell which.
Press the corresponding letter to learn more about a god, or press enter to convert or escape to cancel.
Ignis accepts your prayer! Ignis welcomes you!
Found a dagger.
There is an open gate here.
There is a staircase leading out of the dungeon here.
You have escaped!

♣♣..# ##... ♣♣...#
#...# ♣....# #.#.#
♣♣....## #.#.#
♣......## #.#..
♣.......## #.##.
♣.8..8..8### #.##.
♣♣.[......'.#
##.###
♣..@......'.###..#
♣♣........'.....##
♣.8..8..8####.###
♣♣......## #...#
♣.....## ###.###
♣♣...## #....
♣...# ##### ♣...#
♣...# #####


There were no monsters in sight!

Vanquished Creatures
  5 ball pythons (D:1)
  4 bats (D:1)
  6 endoplasms (D:1)
  A giant cockroach (D:1)
  A goblin (D:1)
  A kobold (D:1)
  2 quokkas (D:1)
  A frilled lizard (D:1)
21 creatures vanquished.

Notes
Turn   | Place    | Note
-------+----------+-------------------------------------------
     0 | D:1      | Getoffmy the Octopode Venom Mage began the quest for the
                  | Orb.
     0 | D:1      | Reached XP level 1. HP: 11/11 MP: 3/3
   214 | D:1      | Reached skill level 4 in Poison Magic
   214 | D:1      | Reached XP level 2. HP: 16/17 MP: 1/5
   797 | D:1      | Learned a level 2 spell: Poisonous Vapours
   826 | D:1      | Noticed a floating eye
   829 | D:1      | Found a faded altar of an unknown god.
   831 | D:1      | Noticed a golden eye
   831 | D:1      | Noticed an eye of devastation
   831 | D:1      | Noticed a shining eye
   836 | D:1      | Reached XP level 3. HP: 21/21 MP: 4/6
   848 | D:1      | Prayed at the altar of an unknown god.
   848 | D:1      | Became a worshipper of Ignis, the Dying Flame
   888 | D:$      | Got out of the dungeon alive.

Illustrated notes

Levels and vault maps discovered:
D:1:      kennysheep_arrival_forest, layout_rooms,
          hellmonk_ecumenical_altar_watching_god,
          chequers_serial_rivers_micro_c, minmay_cut_off

Skill      XL: |  1 |
---------------+----+-----
Stealth        | 3 |  3.3
Poison Magic   | 4 |  4.4
Dodging        | |  2.0
Spellcasting   | |  2.3
Transmutations | |  1.0

Action                     || total
---------------------------++-------
  Melee: Unarmed           ||     4
         Tentacles         ||     3
         Constrict         ||     3
         Dagger            ||    14
   Cast: Sting             ||    28
         Poisonous Vapours ||     1
 Armour: Skin              ||    15
  Dodge: Dodged            ||    22

Table legend: (Time is in decaauts)
 A = Elapsed time spent in this place.
 B = Non-inter-level travel time spent in this place.
 C = Inter-level travel time spent in this place.
 D = Time resting spent in this place.
 E = Time spent auto-exploring this place.
 F = Levels seen in this place.
 G = Mean time per level.
                   A        B        C        D        E       F      G
               +--------+--------+--------+--------+--------+-----+--------+
         Total |    886 |    848 |     38 |    266 |    309 |   1 |  886.0 |
       Dungeon |    886 |    848 |     38 |    266 |    309 |   1 |  886.0 |
               +--------+--------+--------+--------+--------+-----+--------+

Top non-repeatable levels by time:
     D:1: 886 daAuts
